 Dungeon Crawl Stone Soup version 0.30-a0-1016-gfb0d676c02 (webtiles) character file.

Game seed: 235908574973884628

19 Malachi the Shooter (level 2, -4/24 HPs)
             Began as a Ghoul Hunter on Apr 7, 2023.
             Slain by Sigmund
             ... wielding a +2 scythe of pain
              (7 damage)
             ... on level 2 of the Dungeon.
             The game lasted 00:01:23 (727 turns).

Malachi the Shooter (Ghoul Hunter)                   Turns: 727, Time: 00:01:24

Health: -4/24      AC:  0    Str: 13 (14) XL:     2   Next: 75%
Magic:  1/1        EV: 12    Int:  4      God:
Gold:   47         SH:  0    Dex: 11 (12) Spells: 1/1 levels left

rFire   . . .      SeeInvis .    a - +0 shortbow
rCold   + . .      Faith    .    (shield currently unavailable)
rNeg    + + +      Spirit   .    (no body armour)
rPois   ∞          Reflect  .    (no helmet)
rElec   .          Rampage  .    (no cloak)
rCorr   .                        (no gloves)
Will    .....                    (no boots)
Stlth   +                        (no amulet)
HPRegen 0.00/turn                (no ring)
MPRegen 0.07/turn                (no ring)

@: inhibited regen
A: claws 1, cold resistance 1, negative energy resistance 3, inhibited
regeneration, torment resistance 2, devour on kill
a: no special abilities


You were on level 2 of the Dungeon.
You visited 1 branch of the dungeon, and saw 2 of its levels.

You collected 47 gold pieces.

Inventory:

Hand Weapons
 a - a +0 shortbow (weapon)
Armour
 c - a +0 leather armour
Scrolls
 b - a scroll of immolation
 d - 2 scrolls of fog {unknown}
 e - a scroll of enchant weapon {unknown}
 h - a scroll of vulnerability {unknown}
Potions
 f - a potion of heal wounds


   Skills:
 - Level 2.1 Fighting
 * Level 4.3 Ranged Weapons
 - Level 1.7 Dodging
 - Level 1.1 Stealth


You had one spell level left.
You didn't know any spells.
Your spell library was empty.

Dungeon Overview and Level Annotations

Branches:
Dungeon (2/15)

Altars:

Shops:
D:1 (

Annotations:
D:2 Sigmund


Innate Abilities, Weirdness & Mutations

You are immune to poison.
You have sharp fingernails.
Your flesh is cold resistant. (rC+)
You are immune to negative energy. (rN+++)
You do not regenerate when monsters are visible.
You are immune to unholy pain and torment.
You thrive by killing the living.


Message History

Your body decomposes!
You feel weakened.
Your body decomposes!
You feel clumsy.
Non-targeted confused fire: a) +0 shortbow
Press: ? - help, Q - select action Dir - look around, f - activate
Okay, then.
Okay, then.
Non-targeted confused fire: a) +0 shortbow
Press: ? - help, Q - select action Dir - look around, f - activate You shoot an arrow.
Sigmund points at you and mumbles some strange words.
You resist with significant effort.
Sigmund points at you and mumbles some strange words.
The magic dart hits you!
Non-targeted confused fire: a) +0 shortbow
Press: ? - help, Q - select action Dir - look around, f - activate Look: Sigmund, wielding a +2 scythe of pain and wearing a +0 robe (severely wounded)
You shoot an arrow. Sigmund barely misses you.
Non-targeted confused fire: a) +0 shortbow
Press: ? - help, Q - select action Dir - look around, f - activate You shoot an arrow.
You feel less confused.
Sigmund casts a spell.
Sigmund flickers and vanishes!
Deactivating autopickup; reactivate with Ctrl-A.
Unknown command.
Fire: a) +0 shortbow
Press: ? - help, Q - select action Shift-Dir - straight line You shoot an arrow.
Something hits you!
* * * LOW HITPOINT WARNING * * *
Unknown command.
Unknown command.
Fire: a) +0 shortbow
Press: ? - help, Q - select action Shift-Dir - straight line You shoot an arrow.
Something hits you!
You die...

############.#####.########
.......>####.# #...........
.............###.#.########
.................#.#
.............#####.#
......(......# #.#
........###### ###.#
........# #...# ........#
#@#.# ........# #.....#+#
.............#..{.
########..# #..... #......
+....... #........
..........


There were no monsters in sight!

Vanquished Creatures
  2 endoplasms (D:1)
  A giant cockroach (D:2)
  4 goblins (D:1)
  3 hobgoblins
  2 kobolds
  A quokka (D:2)
  A bat (D:2)
  A frilled lizard (D:2)
  A rat (D:1)
16 creatures vanquished.

Vanquished Creatures (others)
  A fungus (D:2)
1 creature vanquished.

Grand Total: 17 creatures vanquished

Notes
Turn   | Place    | Note
-------+----------+-------------------------------------------
     0 | D:1      | Malachi the Ghoul Hunter began the quest for the Orb.
     0 | D:1      | Reached XP level 1. HP: 17/17 MP: 0/0
    54 | D:1      | Found Pick's Weapon Emporium.
   123 | D:1      | Reached skill level 4 in Ranged Weapons
   123 | D:1      | Reached XP level 2. HP: 24/24 MP: 1/1
   716 | D:2      | Noticed Sigmund
   727 | D:2      | Slain by Sigmund

Illustrated notes

Levels and vault maps discovered:
D:1:      dpeg_arrival_tiny_a, layout_loops_cross, serial_shops,
          nicolae_shop_waterfront, nicolae_wormholes
D:2:      cheibrodos_helix_gallery, layout_basic, dreamdust_mushroom_princess,
          uniq_sigmund

Skill      XL: |  1 |
---------------+----+-----
Ranged Weapons | 4 |  4.3
Fighting       | |  2.1
Dodging        | |  1.7
Stealth        | |  1.1

Action                     || total
---------------------------++-------
   Fire: Shortbow          ||    54
    Use: Potion            ||     2
 Armour: Leather armour    ||     2
  Dodge: Dodged            ||     3

Table legend: (Time is in decaauts)
 A = Elapsed time spent in this place.
 B = Non-inter-level travel time spent in this place.
 C = Inter-level travel time spent in this place.
 D = Time resting spent in this place.
 E = Time spent auto-exploring this place.
 F = Levels seen in this place.
 G = Mean time per level.
                   A        B        C        D        E       F      G
               +--------+--------+--------+--------+--------+-----+--------+
         Total |    743 |    714 |     29 |      0 |    586 |   2 |  371.5 |
       Dungeon |    743 |    714 |     29 |      0 |    586 |   2 |  371.5 |
               +--------+--------+--------+--------+--------+-----+--------+

Top non-repeatable levels by time:
     D:1: 613 daAuts
     D:2: 130 daAuts
